 Dungeon Sprint DCSS version bcrawl-1.14 (webtiles) character file.

Game seed: 14892672248305507393

728 Chiseanne the Fighter (level 7, -3/72 HPs)
             Began as a Minotaur Fighter on Sept 10, 2019.
             Was a Follower of Okawaru.
             Slain by an orange demon (7 damage)
             ... summoned by a kobold demonologist
             ... in the Dungeon (Sprint I: "Red Sonja").
             The game lasted 00:05:01 (916 turns).

Chiseanne the Fighter (Minotaur Fighter)             Turns: 916, Time: 00:05:01

Health: -3/72      AC: -7    Str: 21    XL:     7   Next: 44%
Magic:  8/8        EV: 13    Int:  5    God:    Okawaru [*.....]
Gold:   225        SH: 12    Dex: 11    Spells: 6/6 levels left

rFire    . . .     SeeInvis .   a - +0 war axe
rCold    . . .     Gourm    .   c - +0 shield
rNeg     . . .     Faith    .   b - +0 scale mail
rPois    .         Spirit   .   (helmet restricted)
rElec    .         Reflect  .   (no cloak)
rCorr    .         Harm     .   (no gloves)
MR       .....     NoTele   +   (no boots)
Stlth    ..........             (no amulet)
HPRegen  0.22/turn              (no ring)
MPRegen  0.11/turn              (no ring)

@: lethally poisoned (-3 -> -7), weakened, corroded
A: retaliatory headbutt, horns 2
a: Heroism, Renounce Religion


You were in the Dungeon.
You worshipped Okawaru.
Okawaru was aware of your devotion.
You were not hungry.

You visited 1 branch You collected 513 gold pieces.
You spent 288 gold pieces at shops.

Inventory:

Hand Weapons
 a - a +0 war axe (weapon)
 l - a +0 dagger of electrocution
 w - a +0 blowgun
Missiles
 d - 225 sling bullets
 h - 26 needles of confusion
 o - 8 curare-tipped needles
Armour
 b - a +0 scale mail (worn)
 c - a +0 shield (worn)
Wands
 j - a wand of polymorph (8)
Scrolls
 k - a scroll of blinking
Potions
 e - 2 potions of curing
 g - 2 potions of heal wounds
 i - 2 potions of magic
 n - a potion of resistance
Comestibles
 f - 2 rations {!d}


   Skills:
 * Level 10.2 Fighting
 - Level 2.4 Axes
 * Level 10.2 Armour
 * Level 8.7 Dodging
 * Level 10.2 Shields
 * Level 3.1 Invocations


You had 6 spell levels left.
You didn't know any spells.
Your spell library was empty.

Dungeon Overview and Level Annotations

Branches:
Dungeon (1/1)

Altars:
Cheibriados
Dithmenos
Elyvilon
Fedhas
Gozag
Hepliaklqana
Kikubaaqudgha
Lugonu
Makhleb
Nemelex Xobeh
Okawaru
Qazlal
Ru
Sif Muna
Trog
Uskayaw
Vehumet
Wu Jian
Xom
Yredelemnul
Zin
The Shining One
Jiyva

Shops:
D (!


Innate Abilities, Weirdness & Mutations

You reflexively headbutt those who attack you in melee.
You have a pair of horns on your head.


Message History

Your headbutt misses the kobold demonologist.
The kobold demonologist is almost dead.
You hit the orange demon but do no damage.
You hit the rust devil but do no damage.
You feel sick. The rust devil hits you! The rust devil corrodes you!
You block the kobold demonologist's attack.
The orange demon stings you!
* * * LOW HITPOINT WARNING * * *
The orange demon hits you.
* * * LOW HITPOINT WARNING * * *
You feel as though you will be weak longer.
You hit the kobold demonologist but do no damage.
The kobold demonologist is almost dead.
You barely miss the orange demon.
You hit the rust devil but do no damage.
* * * LOW HITPOINT WARNING * * *
You feel sick.
The white imp sputters.
You block the rust devil's attack. The orange demon stings you!
You die...

######################
.)').#..'..#__#.4KK5.#
..#..').#..'..'4@#...#
####'#####'#__#### K.+
###..#...#.####[§# ##
__####..##.#§§§.c#
_____##'#_.+≈§§§
_.∩...'..._#§§§§
_..__##_.#+##+##
_____###'# ########.##


You could see an orange demon, a rust devil, 2 kobold demonologists and a white
imp.

Vanquished Creatures
  A slime creature (D)
  A yak (D)
  Sigmund (D)
  A warg (D)
  An ogre (D)
  A jelly (D)
  Ijyb (D)
7 creatures vanquished.

Vanquished Creatures (others)
  A gargoyle (D)
1 creature vanquished.

Grand Total: 8 creatures vanquished

Notes
Turn   | Place    | Note
-------+----------+-------------------------------------------
     0 | D        | Chiseanne the Minotaur Fighter began the quest for the Orb.
     0 | D        | Reached XP level 1. HP: 19/19 MP: 0/0
     2 | D        | Noticed Ijyb
    13 | D        | Killed Ijyb
    13 | D        | Reached skill level 5 in Fighting
    13 | D        | Reached skill level 5 in Armour
    13 | D        | Reached skill level 5 in Shields
    13 | D        | Reached XP level 2. HP: 18/29 MP: 1/1
   188 | D        | Noticed an ogre
   196 | D        | Killed an ogre
   196 | D        | Reached XP level 3. HP: 17/38 MP: 2/2
   196 | D        | Reached XP level 4. HP: 20/45 MP: 3/3
   369 | D        | Noticed Sigmund
   375 | D        | Killed Sigmund
   375 | D        | Reached XP level 5. HP: 42/53 MP: 4/4
   389 | D        | Found a shimmering blue altar of Sif Muna.
   390 | D        | Found an ornate altar of the Wu Jian Council.
   391 | D        | Found a radiant altar of Vehumet.
   395 | D        | Reached XP level 6. HP: 49/62 MP: 5/5
   414 | D        | Found Voemaaf's Distillery.
   414 | D        | Found an ancient bone altar of Kikubaaqudgha.
   414 | D        | Found a hazy altar of Hepliaklqana.
   414 | D        | Found a hide-covered altar of Uskayaw.
   414 | D        | Found a basalt altar of Yredelemnul.
   414 | D        | Found an opulent altar of Gozag.
   414 | D        | Found a snail-covered altar of Cheibriados.
   414 | D        | Found a sacrificial altar of Ru.
   414 | D        | Found a shadowy altar of Dithmenos.
   414 | D        | Noticed a yak
   423 | D        | Killed a yak
   424 | D        | Found a stormy altar of Qazlal.
   424 | D        | Found a blossoming altar of Fedhas.
   424 | D        | Found a bloodstained altar of Trog.
   424 | D        | Found an iron altar of Okawaru.
   424 | D        | Found a glowing golden altar of the Shining One.
   424 | D        | Found a glowing silver altar of Zin.
   424 | D        | Found a white marble altar of Elyvilon.
   427 | D        | Found a sparkling altar of Nemelex Xobeh.
   432 | D        | Became a worshipper of Warmaster Okawaru
   434 | D        | Bought a potion of resistance for 120 gold pieces
   434 | D        | Bought a potion of heal wounds for 60 gold pieces
   434 | D        | Bought a potion of might for 48 gold pieces
   434 | D        | Bought a potion of heal wounds for 60 gold pieces
   440 | D        | Noticed Sonja
   441 | D        | Noticed Sonja
   441 | D        | Sonja changed into Sonja the fire bat
   451 | D        | Noticed Sonja
   451 | D        | Sonja the fire bat changed into Sonja the warg
   458 | D        | Killed Sonja the warg
   458 | D        | Reached skill level 1 in Invocations
   458 | D        | Reached XP level 7. HP: 16/71 MP: 5/7
   723 | D        | Found Ahowepuwk's Weapon Boutique.
   751 | D        | Noticed a centaur warrior
   758 | D        | Found a burning altar of Makhleb.
   758 | D        | Found a viscous altar of Jiyva.
   758 | D        | Found a shimmering altar of Xom.
   758 | D        | Found a corrupted altar of Lugonu.
   758 | D        | Noticed a slime creature
   766 | D        | Killed a slime creature
   766 | D        | Reached * piety under Okawaru
   766 | D        | Reached skill level 10 in Fighting
   766 | D        | Reached skill level 10 in Armour
   766 | D        | Reached skill level 10 in Shields
   854 | D        | Killed a gargoyle
   895 | D        | Noticed a kobold demonologist
   895 | D        | Noticed a kobold demonologist
   906 | D        | Noticed a rust devil
   908 | D        | Noticed an orange demon
   916 | D        | Slain by an orange demon

Skill      XL: |  1  2  3  4  5  6  7 |
---------------+----------------------+-----
Fighting       | 5 6 8 9 10 | 10.2
Armour         | 5 6 8 9 10 | 10.2
Dodging        | 2 4 6 8 |  8.7
Shields        | 5 6 8 9 10 | 10.2
Invocations    | 1 3 |  3.1
Axes           | |  2.4

Action                   |  1- 3 |  4- 6 |  7- 9 || total
-------------------------+-------+-------+-------++-------
Melee: Unarmed           |     7 |       |       ||     7
       War axe           |     7 |    24 |    18 ||    49
       Headbutt          |       |     3 |     5 ||     8
 Fire: Blowgun           |       |       |     4 ||     4
Evoke: Wand              |       |     2 |       ||     2
  Use: Potion            |     2 |     3 |       ||     5
Armor: Scale mail        |       |     3 |     9 ||    12
Dodge: Dodged            |     5 |    10 |    10 ||    25
Block: Shield            |     5 |     9 |    17 ||    31
